3AA
YAKIMA HOPS @ VIRGINIA BEACH DEUCES
08/18/2029
 
TOP OF THE 1ST
Yakima Hops batting - Pitching for Virginia Beach Deuces : RHP Miguel Álvarez
Pitching: RHP Miguel Álvarez
Batting: SHB José Ángel 0-0: Ball
1-0: Ball
2-0: Foul Ball, location: 2F
2-1: Called Strike
2-2: Ball
3-2: Fly out, F7 (Flyball, 7LSF)
Batting: RHB Colin O'Connell 0-0: Called Strike
0-1: Ball
1-1: Called Strike
1-2: Foul Ball, location: 2F
1-2: Foul Ball, location: 2F
1-2: Strikes out swinging
Batting: SHB José Rico 0-0: Ball
1-0: Ball
2-0: SINGLE (Groundball, 4D)
Batting: RHB Jud Regan 0-0: Ball
1-0: Ball
2-0: Swinging Strike
2-1: Fielders Choice at 2nd, 5-4 (Groundball, 5)
Top of the 1st over - 0 runs, 1 hit, 0 errors, 1 left on base; Yakima 0 - Virginia Beach 0
BOTTOM OF THE 1ST
Virginia Beach Deuces batting - Pitching for Yakima Hops : LHP Felipe Lozano
Pitching: LHP Felipe Lozano
Batting: RHB Andrew Crosby 0-0: Called Strike
0-1: Ball
1-1: Foul Ball, location: 2F
1-2: Ball
2-2: Ball
3-2: Fly out, F8 (Flyball, 89M)
Batting: RHB Jody Lemoine 0-0: Ground out 6-3 (Groundball, 6)
Batting: RHB Juan González 0-0: Called Strike
0-1: Foul Ball, location: 2F
0-2: Ball
1-2: Ball
2-2: Foul Ball, location: 2F
2-2: Ball
3-2: Foul Ball, location: 2F
3-2: Foul Ball, location: 2F
3-2: Foul Ball, location: 2F
3-2: Foul Ball, location: 2F
3-2: Fly out, F7 (Flyball, 7LD)
Bottom of the 1st over - 0 runs, 0 hits, 0 errors, 0 left on base; Yakima 0 - Virginia Beach 0
TOP OF THE 2ND
Yakima Hops batting - Pitching for Virginia Beach Deuces : RHP Miguel Álvarez
Batting: RHB Xavier Gama 0-0: Called Strike
0-1: Swinging Strike
0-2: Ball
1-2: Ball
2-2: Strikes out swinging
Batting: LHB Bob Maher 0-0: Foul Ball, location: 2F
0-1: Ball
1-1: Foul Ball, location: 2F
1-2: Foul Ball, location: 2F
1-2: Strikes out looking
Batting: RHB Carl Herbert 0-0: Ball
1-0: Foul Ball, location: 2F
1-1: DOUBLE (Line Drive, 78D)
Batting: RHB Mark Finney 0-0: Foul Ball, location: 2F
0-1: Called Strike
0-2: Strikes out looking
Top of the 2nd over - 0 runs, 1 hit, 0 errors, 1 left on base; Yakima 0 - Virginia Beach 0
BOTTOM OF THE 2ND
Virginia Beach Deuces batting - Pitching for Yakima Hops : LHP Felipe Lozano
Batting: RHB Cam MacIntosh 0-0: Swinging Strike
0-1: Foul Ball, location: 2F
0-2: Fly out, F7 (Flyball, 7LS)
Batting: RHB James Hill 0-0: Fly out, F7 (Flyball, 7LD)
Batting: LHB Ramón Castro 0-0: Ball
1-0: Fly out, F8 (Flyball, 8LS)
Bottom of the 2nd over - 0 runs, 0 hits, 0 errors, 0 left on base; Yakima 0 - Virginia Beach 0
TOP OF THE 3RD
Yakima Hops batting - Pitching for Virginia Beach Deuces : RHP Miguel Álvarez
Batting: SHB Adam Staats 0-0: Ground out 4-3 (Groundball, 34D)
Batting: SHB José Ángel 0-0: Ball
1-0: Fly out, F9 (Flyball, 9)
Batting: RHB Colin O'Connell 0-0: Ball
1-0: Ground out 6-3 (Groundball, 56)
Top of the 3rd over - 0 runs, 0 hits, 0 errors, 0 left on base; Yakima 0 - Virginia Beach 0
BOTTOM OF THE 3RD
Virginia Beach Deuces batting - Pitching for Yakima Hops : LHP Felipe Lozano
Batting: RHB Tevin McTevin 0-0: Swinging Strike
0-1: Ball
1-1: Ball
2-1: Foul Ball, location: 2F
2-2: Foul Ball, location: 2F
2-2: Strikes out looking
Batting: SHB Stan St. John 0-0: Ball
1-0: SINGLE (Line Drive, 7S)
Batting: SHB Leo Szilard 0-0: SINGLE (Line Drive, 89S)
Stan St. John to second
Batting: RHB Andrew Crosby 0-0: Ball
1-0: Foul Ball, location: 2F
1-1: Ball
2-1: Ball
3-1: Called Strike
3-2: Grounds into double play, 1-6-3 (Groundball, 13)
Bottom of the 3rd over - 0 runs, 2 hits, 0 errors, 1 left on base; Yakima 0 - Virginia Beach 0
TOP OF THE 4TH
Yakima Hops batting - Pitching for Virginia Beach Deuces : RHP Miguel Álvarez
Batting: SHB José Rico 0-0: Foul Ball, location: 2F
0-1: Foul Ball, location: 2F
0-2: Ball
1-2: SINGLE (Flyball, 78M)
Batting: RHB Jud Regan 0-0: Ball
1-0: Ball
2-0: Foul Ball, location: 2F
2-1: Ball
3-1: Grounds into double play, 5-4-3 (Groundball, 56)
Batting: RHB Xavier Gama 0-0: Foul Ball, location: 2F
0-1: Swinging Strike
0-2: Fly out, F8 (Flyball, 89D)
Top of the 4th over - 0 runs, 1 hit, 0 errors, 0 left on base; Yakima 0 - Virginia Beach 0
BOTTOM OF THE 4TH
Virginia Beach Deuces batting - Pitching for Yakima Hops : LHP Felipe Lozano
Batting: RHB Jody Lemoine 0-0: SINGLE (Groundball, 34D)
Batting: RHB Juan González 0-0: Ball
1-0: Ball
2-0: Foul Ball, location: 2F
2-1: Called Strike
2-2: Ball
3-2: Base on Balls
Jody Lemoine to second
Batting: RHB Cam MacIntosh 0-0: Ball
1-0: Ball
2-0: Ball
Wild Pitch!
Jody Lemoine to third
Juan González to second
3-0: Called Strike
3-1: Called Strike
3-2: Strikes out swinging
Batting: RHB James Hill 0-0: Ball
1-0: Ball
2-0: DOUBLE (Line Drive, 78D)
Jody Lemoine scores
Juan González scores
Batting: LHB Ramón Castro 0-0: Ball
1-0: SINGLE (Line Drive, 34D)
James Hill to third
Runner from 3rd tries for Home, SAFE, throw made home
Ramón Castro to second
Batting: RHB Tevin McTevin 0-0: Ball
1-0: Ball
2-0: Called Strike
2-1: Foul Ball, location: 2F
2-2: Strikes out swinging
Batting: SHB Stan St. John 0-0: Called Strike
0-1: Swinging Strike
0-2: Ball
1-2: Strikes out looking
Bottom of the 4th over - 3 runs, 3 hits, 0 errors, 1 left on base; Yakima 0 - Virginia Beach 3
TOP OF THE 5TH
Yakima Hops batting - Pitching for Virginia Beach Deuces : RHP Miguel Álvarez
Batting: LHB Bob Maher 0-0: Ball
1-0: Ball
2-0: Ball
3-0: Called Strike
3-1: Ground out 4-3 (Groundball, 4)
Batting: RHB Carl Herbert 0-0: Ball
1-0: Swinging Strike
1-1: Ground out 5-3 (Groundball, 56S)
Batting: RHB Mark Finney 0-0: Ball
1-0: Ball
2-0: Fly out, F6 (Popup, 6)
Top of the 5th over - 0 runs, 0 hits, 0 errors, 0 left on base; Yakima 0 - Virginia Beach 3
BOTTOM OF THE 5TH
Virginia Beach Deuces batting - Pitching for Yakima Hops : LHP Felipe Lozano
Batting: SHB Leo Szilard 0-0: Ground out 6-3 (Groundball, 6)
Batting: RHB Andrew Crosby 0-0: SINGLE (Groundball, 6MD)
Batting: RHB Jody Lemoine 0-0: Ball
1-0: Called Strike
1-1: Called Strike
1-2: Foul Ball, location: 2F
Pickoff Throw to First - Out!
1-2: Ball
2-2: Ground out 4-3 (Groundball, 4M)
Bottom of the 5th over - 0 runs, 1 hit, 0 errors, 0 left on base; Yakima 0 - Virginia Beach 3
TOP OF THE 6TH
Yakima Hops batting - Pitching for Virginia Beach Deuces : RHP Miguel Álvarez
Batting: SHB Adam Staats 0-0: Foul Ball, location: 2F
0-1: Ball
1-1: SINGLE (Line Drive, 8LS)
Batting: SHB José Ángel 0-0: Fly out, F3 (Line Drive, 3S)
Batting: RHB Colin O'Connell 0-0: Foul Ball, location: 2F
0-1: Fly out, F9 (Flyball, 89D)
Runner from 1st tags up, OUT at 2nd
Top of the 6th over - 0 runs, 1 hit, 0 errors, 0 left on base; Yakima 0 - Virginia Beach 3
BOTTOM OF THE 6TH
Virginia Beach Deuces batting - Pitching for Yakima Hops : LHP Felipe Lozano
Batting: RHB Juan González 0-0: Called Strike
0-1: Foul Ball, location: 2F
0-2: Ball
1-2: Ground out 5-3 (Groundball, 5)
Batting: RHB Cam MacIntosh 0-0: Called Strike
0-1: Ball
1-1: Ground out 6-3 (Groundball, 6)
Batting: RHB James Hill 0-0: Ball
1-0: Ground out 6-3 (Groundball, 6)
Bottom of the 6th over - 0 runs, 0 hits, 0 errors, 0 left on base; Yakima 0 - Virginia Beach 3
TOP OF THE 7TH
Yakima Hops batting - Pitching for Virginia Beach Deuces : RHP Miguel Álvarez
Batting: SHB José Rico 0-0: Ball
1-0: Foul Ball, location: 2F
1-1: Ball
2-1: Ball
3-1: SINGLE (Flyball, 6D)
Batting: RHB Jud Regan 0-0: Grounds into double play, 6-4-3 (Groundball, 6M)
Batting: RHB Xavier Gama 0-0: Called Strike
0-1: Ball
1-1: Foul Ball, location: 2F
1-2: Fly out, F9 (Flyball, 9D)
Top of the 7th over - 0 runs, 1 hit, 0 errors, 0 left on base; Yakima 0 - Virginia Beach 3
BOTTOM OF THE 7TH
Virginia Beach Deuces batting - Pitching for Yakima Hops : LHP Felipe Lozano
Batting: LHB Ramón Castro 0-0: Called Strike
0-1: Fly out, F8 (Flyball, 8LS)
Batting: RHB Tevin McTevin 0-0: Called Strike
0-1: Ball
1-1: Ball
2-1: SINGLE (Line Drive, 34)
Batting: SHB Stan St. John 0-0: Swinging Strike
0-1: Fly out, F8 (Flyball, 89M)
Pitching: RHP Pieter Spitsbaard
Batting: SHB Leo Szilard 0-0: Ball
1-0: Ground out 5-3 (Groundball, 56S)
Bottom of the 7th over - 0 runs, 1 hit, 0 errors, 1 left on base; Yakima 0 - Virginia Beach 3
TOP OF THE 8TH
Yakima Hops batting - Pitching for Virginia Beach Deuces : RHP Miguel Álvarez
Batting: LHB Bob Maher 0-0: Called Strike
0-1: Ground out 4-3 (Groundball, 4)
Batting: RHB Carl Herbert 0-0: Ball
1-0: Ball
2-0: Ground out 1-3 (Groundball, 13)
Batting: RHB Mark Finney 0-0: Fly out, F7 (Flyball, 7D)
Top of the 8th over - 0 runs, 0 hits, 0 errors, 0 left on base; Yakima 0 - Virginia Beach 3
BOTTOM OF THE 8TH
Virginia Beach Deuces batting - Pitching for Yakima Hops : RHP Pieter Spitsbaard
Batting: RHB Andrew Crosby 0-0: Ball
1-0: Called Strike
1-1: Ball
2-1: Foul Ball, location: 2F
2-2: Strikes out swinging
Batting: RHB Jody Lemoine 0-0: Foul Ball, location: 2F
0-1: Ball
1-1: Ball
2-1: Ball
3-1: Foul Ball, location: 2F
3-2: Base on Balls
Batting: RHB Juan González 0-0: Called Strike
0-1: Ball
1-1: Ball
2-1: Grounds into double play, 6-4-3 (Groundball, 6)
Bottom of the 8th over - 0 runs, 0 hits, 0 errors, 0 left on base; Yakima 0 - Virginia Beach 3
TOP OF THE 9TH
Yakima Hops batting - Pitching for Virginia Beach Deuces : RHP Miguel Álvarez
Batting: SHB Adam Staats 0-0: SINGLE (Groundball, 25) (infield hit)
Batting: SHB José Ángel 0-0: Ball
1-0: Called Strike
1-1: Fly out, F8 (Flyball, 8LS)
Batting: RHB Colin O'Connell 0-0: Fly out, F8 (Flyball, 8RM)
Batting: SHB José Rico 0-0: Ball
1-0: Called Strike
1-1: Fly out, F9 (Flyball, 9LS)
Top of the 9th over - 0 runs, 1 hit, 0 errors, 1 left on base; Yakima 0 - Virginia Beach 3
Tuesday, December 19th, 2017 - OOTP Baseball 18.8 Build 76